[Event "2012 Alberta Closed"]
[Site "Edmonton"]
[Date "2012.04.06"]
[Round "1"]
[White "Wang, Richard"]
[Black "Porper, Edward"]
[Result "1/2-1/2"]
[ECO "D05"]
[WhiteElo "2289"]
[BlackElo "2438"]
[PlyCount "50"]
[EventDate "2012.04.06"]
[EventType "tourn"]
[EventRounds "5"]
[EventCountry "CAN"]
[TimeControl "5400"]

1. d4 Nf6 2. Nf3 e6 3. e3 b6 4. Bd3 Bb7 5. O-O d5 6. b3 Bd6 7. Bb2 O-O 8. Ne5
c5 9. Nd2 Nc6 10. a3 Rc8 11. f4 Ne7 12. Qe2 Ne4 13. Rfd1 cxd4 14. Bxd4 Nf5 15.
Bxe4 dxe4 16. Ndc4 f6 17. Nxd6 Qxd6 18. Ng4 Qc7 19. c4 Rcd8 20. Bc3 a5 21. Rxd8
Rxd8 22. Rd1 Rd6 23. a4 Qd8 24. Rxd6 Qxd6 25. Qd2 Qc7 1/2-1/2

[Event "2012 Alberta Closed"]
[Site "Edmonton"]
[Date "2012.04.06"]
[Round "1"]
[White "Yam, Alex"]
[Black "Pechenkin, Vladimir"]
[Result "1-0"]
[ECO "B02"]
[WhiteElo "2246"]
[BlackElo "2309"]
[PlyCount "79"]
[EventDate "2012.04.06"]
[EventType "tourn"]
[EventRounds "5"]
[EventCountry "CAN"]
[TimeControl "5400"]

1. e4 Nf6 2. e5 Nd5 3. Nc3 e6 4. Nxd5 exd5 5. Qf3 c6 6. d4 d6 7. Bf4 dxe5 8.
dxe5 Be6 9. Qb3 Qb6 10. Nf3 Bc5 11. Bg3 h6 12. c3 Nd7 13. Qc2 a5 14. O-O-O
O-O-O 15. Nd4 Nf8 16. Nb3 Be7 17. f4 g6 18. Bf2 c5 19. Bd3 Qc7 20. c4 d4 21.
Nd2 Bd7 22. Bg3 Ne6 23. Rhf1 Bc6 24. Ne4 Ng7 25. Nd6+ Rxd6 26. exd6 Bxd6 27.
Rde1 f5 28. Kb1 Rf8 29. Bh4 Rf7 30. g3 Kb8 31. Rf2 Ka7 32. Ka1 b6 33. Qd2 h5
34. Bf1 Be7 35. Bxe7 Rxe7 36. Bg2 Be4 37. Rfe2 Qb7 38. Qc2 d3 39. Qxd3 Rd7 40.
Bxe4 1-0

[Event "2012 Alberta Closed"]
[Site "Edmonton"]
[Date "2012.04.07"]
[Round "2"]
[White "Kazmaier, Daniel"]
[Black "Wang, Richard"]
[Result "0-1"]
[ECO "A34"]
[WhiteElo "2204"]
[BlackElo "2289"]
[PlyCount "88"]
[EventDate "2012.04.06"]
[EventType "tourn"]
[EventRounds "5"]
[EventCountry "CAN"]
[TimeControl "5400"]

1. Nf3 c5 2. c4 Nc6 3. e3 e5 4. Nc3 Nf6 5. d4 cxd4 6. exd4 e4
7. Ng5 Bb4 8. d5 Bxc3+ 9. bxc3 Na5 10. Ba3 d6 11. Qa4+ Bd7 12. Qb4 O-O 13. Qxd6
Re8 14. Bb4 e3 15. fxe3 h6 16. Nxf7 Kxf7 17. O-O-O Rc8 18. Rd4 Rxe3 19. Bd3
Rxd3 20. Rxd3 Nxc4 21. Qf4 a5 22. Rd4 Bb5 23. Re1 axb4 24. d6 Kf8 25. d7 Bxd7
26. Rxc4 bxc3 27. Rxc8 Qxc8 28. Qb4+ Kg8 29. Qb3+ Kh8 30. Re3 Qc6 31. Rxc3 Qxg2
32. Rc2 Qg5+ 33. Kb2 Qe5+ 34. Ka3 Bc6 35. Qb4 h5 36. h4 Kh7 37. Rc5 Nd5 38. Qd2
Qe7 39. Qc2+ g6 40. Kb2 Qxh4 41. a3 Qd4+ 42. Ka2 Kg7 43. Rc4 Qe5 44. Rc5 h4 0-1

[Event "2012 Alberta Closed"]
[Site "Edmonton"]
[Date "2012.04.07"]
[Round "2"]
[White "Porper, Edward"]
[Black "Yam, Alex"]
[Result "1-0"]
[ECO "A60"]
[WhiteElo "2438"]
[BlackElo "2246"]
[PlyCount "39"]
[EventDate "2012.04.06"]
[EventType "tourn"]
[EventRounds "5"]
[EventCountry "CAN"]
[TimeControl "5400"]

1. d4 Nf6 2. Nf3 e6 3. c4 c5 4. d5 exd5 5. cxd5 Bd6 6. Nc3 O-O 7. Bg5 Re8 8. e3
h6 9. Bh4 Bc7 10. d6 Ba5 11. Bc4 g5 12. Bxg5 hxg5 13. Nxg5 Re6 14. Qf3 Nc6 15.
Qg3 Kf8 16. O-O Bxc3 17. bxc3 Qa5 18. e4 Ke8 19. Rad1 b5 20. Qh4 1-0

[Event "2012 Alberta Closed"]
[Site "Edmonton"]
[Date "2012.04.07"]
[Round "3"]
[White "Pechenkin, Vladimir"]
[Black "Porper, Edward"]
[Result "1/2-1/2"]
[ECO "A11"]
[WhiteElo "2410"]
[BlackElo "2466"]
[PlyCount "104"]
[EventDate "2012.04.06"]
[EventType "tourn"]
[EventRounds "5"]
[EventCountry "CAN"]
[TimeControl "5400"]

1. c4 c6 2. g3 d5 3. Nf3 Nf6 4. Bg2 Bg4 5. Ne5 Be6 6. cxd5 Bxd5 7. Nf3 c5 8.
Nc3 Bc6 9. O-O e6 10. d3 Be7 11. e4 O-O 12. Qe2 Qb6 13. Rd1 Rd8 14. Be3 Nbd7
15. h3 Qa6 16. Qc2 b5 17. a4 b4 18. Ne2 Qb7 19. Nd2 Rac8 20. Nc4 Qa6 21. b3 Nb6
22. Ne5 Be8 23. f4 Nfd7 24. Nc4 Nb8 25. g4 Nc6 26. g5 Nd4 27. Nxd4 cxd4 28. Bf2
e5 29. Bg3 Nxc4 30. dxc4 exf4 31. Bxf4 Qe6 32. Qd3 Bc6 33. Rf1 Qg6 34. h4 Bd6
35. Bxd6 Rxd6 36. Rf5 Re8 37. Raf1 Re7 38. R1f4 h5 39. Bf3 Qe6 40. Kg2 g6 41.
Ra5 Qd7 42. e5 Rde6 43. Qxd4 Bxf3+ 44. Kxf3 Qb7+ 45. Re4 Rd7 46. Rd5 Ree7 47.
Kg3 Qc6 48. Re3 Rxd5 49. cxd5 Qc1 50. d6 Qg1+ 51. Kf3 Qf1+ 52. Kg3 Qg1+ 1/2-1/2

[Event "2012 Alberta Closed"]
[Site "Edmonton"]
[Date "2012.04.07"]
[Round "3"]
[White "Wang, Richard"]
[Black "Reeve, Jeff"]
[Result "1-0"]
[ECO "E92"]
[WhiteElo "2414"]
[BlackElo "2335"]
[PlyCount "41"]
[EventDate "2012.04.06"]
[EventType "tourn"]
[EventRounds "5"]
[EventCountry "CAN"]
[TimeControl "5400"]

1. d4 Nf6 2. Nf3 g6 3. c4 Bg7 4. Nc3 O-O 5. e4 d6 6. h3 e5 7. d5 a5 8. Bg5 Na6
9. Be2 Qe8 10. g4 Nd7 11. a3 f5 12. gxf5 gxf5 13. Nh4 Nf6 14. Rg1 Kh8 15. exf5
e4 16. Qd2 Nc5 17. Bh6 Nd3+ 18. Kf1 Bxh6 19. Qxh6 Rf7 20. Bxd3 exd3 21. Re1 1-0

[Event "2012 Alberta Closed"]
[Site "Edmonton"]
[Date "2012.04.07"]
[Round "3"]
[White "Yam, Alex"]
[Black "Kazmaier, Daniel"]
[Result "1-0"]
[ECO "C05"]
[WhiteElo "2364"]
[BlackElo "2336"]
[PlyCount "59"]
[EventDate "2012.04.06"]
[EventType "tourn"]
[EventRounds "5"]
[EventCountry "CAN"]
[TimeControl "5400"]

1. e4 e6 2. d4 d5 3. Nd2 c5 4. c3 Nc6 5. Ngf3 Nf6 6. Bd3 cxd4
7. cxd4 dxe4 8. Nxe4 Be7 9. O-O O-O 10. Be3 Nb4 11. Bb1 Bd7 12. a3 Nbd5 13. Ne5
Bb5 14. Re1 a5 15. Bd2 Nb6 16. Qb3 Ba4 17. Qh3 g6 18. Ng5 Bd7 19. Qh6 Bc6 20.
Nxg6 hxg6 21. Nxe6 fxe6 22. Qxg6+ Kh8 23. Re3 Bxg2 24. Rg3 Rf7 25. Qxf7 Qg8 26.
Qxe7 Nbd5 27. Qd6 Be4 28. Bxe4 Nxe4 29. Qe5+ Ndf6 30. Re1 1-0

[Event "2012 Alberta Reserves"]
[Site "Edmonton"]
[Date "2012.04.07"]
[Round "1"]
[White "Pradzinski, Tim"]
[Black "Frier, Ken"]
[Result "1-0"]
[ECO "B98"]
[WhiteElo "1927"]
[BlackElo "1484"]
[PlyCount "75"]
[EventDate "2012.04.07"]
[EventType "swiss"]
[EventRounds "5"]
[EventCountry "CAN"]
[TimeControl "5400"]

1. e4 c5 2. Nf3 d6 3. d4 cxd4 4. Nxd4 Nf6 5.
Nc3 a6 6. Bg5 e6 7. f4 Be7 8. Qf3 Qc7 9. O-O-O O-O 10. Bd3 Re8 11. g4 b5 12. h4
Bb7 13. h5 Nbd7 14. Bh4 Ne5 15. Rde1 Nxd3+ 16. Qxd3 Rac8 17. Kb1 Nd7 18. Bxe7
Rxe7 19. g5 Nc5 20. Qf3 Ree8 21. g6 h6 22. gxf7+ Qxf7 23. Rhg1 Rf8 24. Rg4 Rc7
25. b4 Nd7 26. Reg1 Nf6 27. Rxg7+ Qxg7 28. Rxg7+ Rxg7 29. Nxe6 Rg1+ 30. Kb2 Re8
31. f5 Kh8 32. Qe3 Rg5 33. Qd4 Kh7 34. Nxg5+ hxg5 35. Qxf6 Rg8 36. Qxd6 g4 37.
Ne2 Kh8 38. Qh6# 1-0

[Event "2012 Alberta Reserves"]
[Site "Edmonton"]
[Date "2012.04.07"]
[Round "1"]
[White "Razzaq, Ali"]
[Black "Yao, David"]
[Result "1-0"]
[ECO "A23"]
[WhiteElo "1849"]
[BlackElo "1285"]
[PlyCount "71"]
[EventDate "2012.04.07"]
[EventType "swiss"]
[EventRounds "5"]
[EventCountry "CAN"]
[TimeControl "5400"]

1. c4 e5 2. Nc3 Nf6 3. g3 c6
4. e4 Bc5 5. Bg2 d6 6. Nge2 Be6 7. d3 Qb6 8. Na4 Bb4+ 9. Bd2 Bxd2+ 10. Qxd2 Qc7
11. O-O Nbd7 12. Rac1 b6 13. a3 O-O 14. h3 Nc5 15. Nxc5 bxc5 16. f4 exf4 17.
Nxf4 Qd7 18. b4 cxb4 19. axb4 d5 20. e5 Ne8 21. cxd5 cxd5 22. Qc2 Rc8 23. Qxc8
Qxc8 24. Rxc8 Bxc8 25. Nxd5 Ba6 26. Be4 g6 27. Ne7+ Kg7 28. Nc6 f5 29. Bg2 Bxd3
30. Rd1 Be2 31. Rd2 Bc4 32. Nxa7 Rf7 33. Nc8 Ba6 34. Rd8 Re7 35. Nxe7 Kf7 36.
Nd5 1-0

[Event "2012 Alberta Reserves"]
[Site "Edmonton"]
[Date "2012.04.07"]
[Round "1"]
[White "Sequillion, Aaron"]
[Black "Sekuloff, Mike"]
[Result "1-0"]
[ECO "C01"]
[WhiteElo "2064"]
[BlackElo "1582"]
[PlyCount "51"]
[EventDate "2012.04.07"]
[EventType "swiss"]
[EventRounds "5"]
[EventCountry "CAN"]
[TimeControl "5400"]

1. e4 e6 2. d4 Be7 3. c4 d5
4. Nc3 c5 5. cxd5 Nf6 6. Bb5+ Nbd7 7. dxe6 fxe6 8. d5 O-O 9. d6 a6 10. dxe7
Qxe7 11. Bxd7 Bxd7 12. Nf3 Rad8 13. Qe2 e5 14. Bg5 Bg4 15. O-O h6 16. Bxf6 Rxf6
17. Qc4+ Be6 18. Nd5 Bxd5 19. exd5 Rf4 20. d6+ Qf7 21. Qxf7+ Rxf7 22. Nxe5 Rf4
23. Rad1 Rd4 24. Rxd4 cxd4 25. d7 Kf8 26. Rd1 1-0

[Event "2012 Alberta Reserves"]
[Site "Edmonton"]
[Date "2012.04.07"]
[Round "3"]
[White "Daniluk, Jim"]
[Black "Sequillion, Aaron"]
[Result "1-0"]
[ECO "E69"]
[WhiteElo "1937"]
[BlackElo "2046"]
[PlyCount "59"]
[EventDate "2012.04.07"]
[EventType "swiss"]
[EventRounds "5"]
[EventCountry "CAN"]
[TimeControl "5400"]

1. d4 Nf6 2. c4 g6 3. Nf3 Bg7 4. g3 O-O 5. Bg2 d6 6. O-O Nbd7 7. Nc3 e5 8. h3
c6 9. e4 exd4 10. Nxd4 Re8 11. Re1 a5 12. Be3 Nc5 13. Qc2 a4 14. b4 axb3 15.
axb3 Rxa1 16. Rxa1 Qe7 17. Re1 Nfxe4 18. Nxc6 bxc6 19. Bxc5 dxc5 20. Rxe4 Qd8
21. Qe2 Rxe4 22. Nxe4 Bd4 23. Nd2 Kg7 24. Bxc6 Qd6 25. Bg2 Qxg3 26. Ne4 Qf4 27.
Qd2 Qh4 28. b4 Bxh3 29. bxc5 Qg4 30. Qxd4+ 1-0

[Event "2012 Alberta Reserves"]
[Site "Edmonton"]
[Date "2012.04.07"]
[Round "3"]
[White "Yearwood, Roy"]
[Black "Smith, Kevin"]
[Result "1-0"]
[ECO "C52"]
[WhiteElo "2163"]
[BlackElo "1822"]
[PlyCount "45"]
[EventDate "2012.04.07"]
[EventType "swiss"]
[EventRounds "5"]
[EventCountry "CAN"]
[TimeControl "5400"]

1. e4 e5 2. Nf3 Nc6 3. Bc4 Bc5 4. b4 Bxb4 5. c3 Ba5 6. d4 exd4
7. O-O d6 8. cxd4 Nf6 9. d5 Ne7 10. Qa4+ c6 11. dxc6 bxc6 12. e5 dxe5 13. Ba3
Qc7 14. Ng5 Nfd5 15. Bxd5 Nxd5 16. Ne4 Be6 17. Nd6+ Kd8 18. Qxa5 Rb8 19. Qd2 c5
20. Ne4 c4 21. Bd6 Qb6 22. Bxb8 Qxb8 23. Nec3 1-0

[Event "2012 Alberta Reserves"]
[Site "Edmonton"]
[Date "2012.04.08"]
[Round "3"]
[White "White, Chris"]
[Black "Pedersen, Rick"]
[Result "0-1"]
[ECO "E97"]
[WhiteElo "1792"]
[BlackElo "1908"]
[PlyCount "58"]
[EventDate "2012.04.07"]
[EventType "swiss"]
[EventRounds "5"]
[EventCountry "CAN"]
[TimeControl "5400"]

1. d4 Nf6 2. c4 g6 3. Nc3 Bg7 4. e4 d6 5. Nf3 O-O 6. Be2 Nc6 7. O-O e5 8. dxe5
Nxe5 9. Nxe5 dxe5 10. Qxd8 Rxd8 11. Bg5 c6 12. Rad1 Be6 13. f4 Rxd1 14. Rxd1
Ng4 15. fxe5 Nxe5 16. c5 Re8 17. b3 h6 18. Bc1 Nd7 19. Na4 Bf8 20. Bd3 Bg7 21.
Rd2 Ne5 22. h3 g5 23. Nb2 Kf8 24. Nc4 Nxc4 25. Bxc4 Bxc4 26. bxc4 Rxe4 27. Rd8+
Ke7 28. Rb8 Re1+ 29. Kh2 Be5+ 0-1

[Event "2012 Alberta Reserves"]
[Site "Edmonton"]
[Date "2012.04.08"]
[Round "4"]
[White "Smith, Kevin"]
[Black "Yao, David"]
[Result "1-0"]
[ECO "C64"]
[WhiteElo "1822"]
[BlackElo "1285"]
[PlyCount "75"]
[EventDate "2012.04.07"]
[EventType "swiss"]
[EventRounds "5"]
[EventCountry "CAN"]
[TimeControl "5400"]

1. e4 e5 2. Nf3 Nc6 3. Bb5 Bc5 4. Nc3 d6 5. d4 exd4 6. Nxd4 Bd7 7. Nxc6 bxc6 8.
Ba4 h6 9. Qf3 Ne7 10. Bb3 O-O 11. Qg3 Ng6 12. Qxg6 Qh4 13. Qg3 Qf6 14. O-O Be6
15. Kh1 a5 16. Bd2 Bxb3 17. axb3 Qe6 18. f4 f5 19. Rfe1 Qd7 20. exf5 Qxf5 21.
Re7 Rf7 22. Rxf7 Kxf7 23. Qd3 Qf6 24. Re1 Kg8 25. Ne4 Qf5 26. Nxc5 Qxc5 27.
Qc4+ Qxc4 28. bxc4 a4 29. Bb4 Kf7 30. Kg1 c5 31. Ba3 Kf6 32. Kf2 g6 33. Kf3 c6
34. Rd1 Ke6 35. g4 Rf8 36. Ke4 g5 37. f5+ Kf6 38. Rxd6+ 1-0

[Event "7th Edmonton International"]
[Site "Edmonton"]
[Date "2012.06.28"]
[Round "3"]
[White "Pechenkin, Vladimir"]
[Black "Mikhalevski, Victor"]
[Result "0-1"]
[ECO "B20"]
[WhiteElo "2312"]
[BlackElo "2519"]
[PlyCount "66"]
[EventDate "2012.06.27"]
[EventType "tourn"]
[EventRounds "9"]
[EventCountry "CAN"]
[EventCategory "6"]
[TimeControl "5400"]

1. e4 c5 2. c4 Nc6 3. Nc3 d6 4. d3 g6 5. g3 h5 6. h4 a6 7. Bg2 Rb8 8. Nge2 Bg7
9. a4 Nh6 10. O-O Ng4 11. Rb1 O-O 12. b3 e6 13. f3 Nge5 14. Kh1 Nb4 15. d4 Nec6
16. Be3 cxd4 17. Nxd4 Qc7 18. Rc1 Rd8 19. Nd5 exd5 20. cxd5 Qd7 21. dxc6 bxc6
22. Bg5 Re8 23. Qd2 a5 24. Rfd1 Ba6 25. Kh2 d5 26. Rc5 dxe4 27. fxe4 Nd3 28.
Rxa5 Qxd4 29. Rxa6 Rxb3 30. Be3 Qc4 31. Ra7 Ne5 32. Rc1 Qe6 33. Kh1 Nc4 0-1

[Event "7th Edmonton International"]
[Site "Edmonton"]
[Date "2012.06.28"]
[Round "3"]
[White "Piasetski, Leon"]
[Black "Krush, Irina"]
[Result "1/2-1/2"]
[ECO "A25"]
[WhiteElo "2304"]
[BlackElo "2457"]
[PlyCount "71"]
[EventDate "2012.06.27"]
[EventType "tourn"]
[EventRounds "9"]
[EventCountry "CAN"]
[EventCategory "6"]
[TimeControl "5400"]

1. c4 e5 2. g3 Nc6 3. Bg2 g6 4. Nc3 Bg7 5. e3 d6 6. Nge2 f5 7. d3 Nf6 8. f4 O-O
9. O-O Be6 10. Nd5 Bf7 11. Nec3 Qd7 12. Qa4 a6 13. Bd2 Rfd8 14. Rab1 Rab8 15.
Nxf6+ Bxf6 16. Nd5 Bg7 17. b4 Ne7 18. Qxd7 Rxd7 19. Nxe7+ Rxe7 20. b5 axb5 21.
Rxb5 e4 22. Rfb1 b6 23. Ra5 exd3 24. Ra4 Rd8 25. Bd5 Kf8 26. Ra3 Bxd5 27. cxd5
Ke8 28. Rxd3 Ra8 29. a3 Kd7 30. Bb4 Re4 31. Rc1 b5 32. Rb3 Rc4 33. Bd2 Rxc1+
34. Bxc1 c6 35. dxc6+ Kxc6 36. Bd2 1/2-1/2

[Event "7th Edmonton International"]
[Site "Edmonton"]
[Date "2012.06.28"]
[Round "3"]
[White "Wang, Richard"]
[Black "Kovalyov, Anton"]
[Result "0-1"]
[ECO "E06"]
[WhiteElo "2307"]
[BlackElo "2619"]
[PlyCount "68"]
[EventDate "2012.06.27"]
[EventType "tourn"]
[EventRounds "9"]
[EventCountry "CAN"]
[EventCategory "6"]
[TimeControl "5400"]

1. d4 Nf6 2. Nf3 e6 3. c4 b6 4. g3 c6 5. Bg2 d5 6. Nbd2 Be7 7. O-O O-O 8. Qc2
Bb7 9. e4 Na6 10. e5 Nd7 11. a3 Nc7 12. Re1 a5 13. h4 h6 14. Nf1 c5 15. dxc5
Nxc5 16. Rd1 Qe8 17. Ne3 dxc4 18. Nxc4 Nd5 19. Nd4 b5 20. Bxd5 Bxd5 21. Nxa5
Rxa5 22. b4 Ra4 23. bxc5 Rc4 24. Qb2 Bxc5 25. Nxb5 Qc6 26. Kh2 Bf3 27. Re1 Bb6
28. Ra2 Ba5 29. Rg1 Rb8 30. a4 Bc3 31. Qa3 Bxe5 32. Bf4 Bxf4 33. gxf4 Rxf4 34.
Qe7 Qc4 0-1

[Event "7th Edmonton International"]
[Site "Edmonton"]
[Date "2012.06.29"]
[Round "4"]
[White "Kovalyov, Anton"]
[Black "Piasetski, Leon"]
[Result "1-0"]
[ECO "E05"]
[WhiteElo "2619"]
[BlackElo "2304"]
[PlyCount "105"]
[EventDate "2012.06.27"]
[EventType "tourn"]
[EventRounds "9"]
[EventCountry "CAN"]
[EventCategory "6"]
[TimeControl "5400"]

1. Nf3 Nf6 2. c4 e6 3. g3 d5 4. Bg2 Be7 5. O-O O-O 6. d4 dxc4 7. Qc2 a6 8. a4
Bd7 9. Rd1 Bc6 10. Nc3 Nd5 11. e4 Nb4 12. Qe2 Nd3 13. Be3 Bb4 14. Ne5 Nxe5 15.
dxe5 Nd7 16. Qxc4 a5 17. f4 Qe7 18. Nd5 exd5 19. exd5 Nb6 20. Bxb6 cxb6 21.
dxc6 Rac8 22. Kh1 bxc6 23. Bxc6 Rfd8 24. Qe4 Rxd1+ 25. Rxd1 g6 26. Bd5 Re8 27.
Qd3 Kg7 28. Bb3 f6 29. e6 Qc5 30. Kg2 Re7 31. Bd5 Rc7 32. b3 Qc2+ 33. Kh3 Qxd3
34. Rxd3 f5 35. Bc4 Kf6 36. Rd8 Be7 37. Rb8 Bc5 38. Kg2 h6 39. Kf3 g5 40. h3
Rh7 41. Rg8 Bd6 42. h4 gxh4 43. gxh4 Rg7 44. Rd8 Be7 45. Rh8 Kg6 46. Bb5 Kf6
47. Bd7 Bd6 48. Rxh6+ Ke7 49. Rh5 Rg4 50. Rxf5 Rxh4 51. Rf7+ Kd8 52. Bb5 Be7
53. f5 1-0

[Event "7th Edmonton International"]
[Site "Edmonton"]
[Date "2012.06.29"]
[Round "4"]
[White "Krush, Irina"]
[Black "Gardner, Robert"]
[Result "1/2-1/2"]
[ECO "A17"]
[WhiteElo "2457"]
[BlackElo "2202"]
[PlyCount "85"]
[EventDate "2012.06.27"]
[EventType "tourn"]
[EventRounds "9"]
[EventCountry "CAN"]
[EventCategory "6"]
[TimeControl "5400"]

1. c4 e6 2. Nc3 Bb4 3. Qc2 Nc6 4. Nf3 Nf6 5. a3 Bxc3 6. Qxc3 O-O 7. b4 Ne4 8.
Qc2 f5 9. g3 d6 10. Bg2 e5 11. O-O h6 12. Bb2 Ng5 13. b5 Ne7 14. d4 Nxf3+ 15.
exf3 exd4 16. f4 c5 17. bxc6 Nxc6 18. Rad1 Be6 19. Rfe1 Bf7 20. Qxf5 Bxc4 21.
Qc2 d5 22. Bxd4 Nxd4 23. Rxd4 Qa5 24. Re5 Qxa3 25. Bxd5+ Bxd5 26. Rexd5 Rac8
27. Qg6 Qf3 28. Rd1 Rc6 29. Qb1 h5 30. R1d3 Qg4 31. Qxb7 Rc1+ 32. Kg2 Qe2 33.
Qb3 Qf1+ 34. Kf3 Qh1+ 35. Ke3 Qe1+ 36. Kf3 Qh1+ 37. Ke3 Qe1+ 38. Kd4 Qxf2+ 39.
Re3 Qd2+ 40. Ke4 Qg2+ 41. Kd4 Qd2+ 42. Ke4 Qg2+ 43. Kd4 1/2-1/2

[Event "7th Edmonton International"]
[Site "Edmonton"]
[Date "2012.06.29"]
[Round "4"]
[White "Mikhalevski, Victor"]
[Black "Wang, Richard"]
[Result "1-0"]
[ECO "A37"]
[WhiteElo "2519"]
[BlackElo "2307"]
[PlyCount "121"]
[EventDate "2012.06.27"]
[EventType "tourn"]
[EventRounds "9"]
[EventCountry "CAN"]
[EventCategory "6"]
[TimeControl "5400"]

1. c4 c5 2. g3 Nc6 3. Bg2 g6 4. Nc3 Bg7 5. Nf3 d6 6. O-O Qd7 7. e3 Bxc3 8. bxc3
b6 9. d3 Bb7 10. e4 e6 11. Nh4 O-O-O 12. Qc2 f5 13. Bg5 Re8 14. d4 cxd4 15.
exf5 gxf5 16. Rad1 h6 17. Bc1 Na5 18. cxd4 Bxg2 19. Kxg2 Ne7 20. Rfe1 Qc6+ 21.
Kg1 Kd7 22. Rxe6 Qxc4 23. Qxc4 Nxc4 24. Rxh6 Rhf8 25. Rh7 Kc6 26. Bh6 Rg8 27.
d5+ Kc5 28. Rf7 Nxd5 29. Nxf5 a5 30. Bg7 a4 31. h4 b5 32. Bd4+ Kc6 33. Ba7 Nc3
34. Rd3 Ne2+ 35. Kf1 Rgf8 36. Ne7+ Kd7 37. Rxf8 Rxf8 38. Ng6 Re8 39. a3 b4 40.
axb4 a3 41. Rd1 a2 42. Ra1 Nd2+ 43. Kg2 Nc3 44. Bd4 Nb3 45. Bxc3 Nxa1 46. Bxa1
Re1 47. Bb2 Rb1 48. Bc3 Rc1 49. Bb2 Rb1 50. Bh8 a1=Q 51. Bxa1 Rxa1 52. h5 Ra7
53. h6 Ke8 54. g4 Rh7 55. g5 Kf7 56. Nf4 Kg8 57. Nd5 Kf7 58. Kf3 Kg6 59. Kg4
Rf7 60. f4 Rf8 61. f5+ 1-0

[Event "7th Edmonton International"]
[Site "Edmonton"]
[Date "2012.06.30"]
[Round "5"]
[White "Gardner, Robert"]
[Black "Kovalyov, Anton"]
[Result "1-0"]
[ECO "E42"]
[WhiteElo "2202"]
[BlackElo "2619"]
[PlyCount "97"]
[EventDate "2012.06.27"]
[EventType "tourn"]
[EventRounds "9"]
[EventCountry "CAN"]
[EventCategory "6"]
[TimeControl "5400"]

1. d4 Nf6 2. c4 e6 3. Nc3 Bb4 4. e3 b6 5. Nge2 c5 6. a3 Ba5 7. Rb1 Na6 8. Bd2
O-O 9. d5 d6 10. Nf4 e5 11. Nh5 Bf5 12. Nxf6+ Qxf6 13. Rc1 Qg6 14. h4 h5 15.
Be2 Qxg2 16. Bf3 Qg6 17. Bxh5 Qh7 18. Be2 Bd7 19. f3 f5 20. Kf2 Nc7 21. Qg1 b5
22. b4 cxb4 23. Nxb5 Bxb5 24. cxb5 Bb6 25. Rc6 Rf6 26. Qc1 g6 27. Bxb4 f4 28.
Kg2 Qd7 29. exf4 Re8 30. Qc2 Kh7 31. h5 Kg7 32. hxg6 Rxg6+ 33. Qxg6+ Kxg6 34.
Rxd6+ Qxd6 35. Bxd6 Nxd5 36. Bd3+ Kg7 37. Bxe5+ Rxe5 38. fxe5 Nf4+ 39. Kg3 Nxd3
40. f4 Kf7 41. Rd1 Nf2 42. Rd7+ Ke8 43. Rb7 Ne4+ 44. Kg4 Nc3 45. f5 Nxb5 46. f6
Nd4 47. e6 Nc6 48. Rh7 Bc5 49. Rc7 1-0

[Event "7th Edmonton International"]
[Site "Edmonton"]
[Date "2012.06.30"]
[Round "6"]
[White "Mikhalevski, Victor"]
[Black "Gardner, Robert"]
[Result "1-0"]
[ECO "E04"]
[WhiteElo "2519"]
[BlackElo "2202"]
[PlyCount "37"]
[EventDate "2012.06.27"]
[EventType "tourn"]
[EventRounds "9"]
[EventCountry "CAN"]
[EventCategory "6"]
[TimeControl "5400"]

1. c4 e6 2. d4 Nf6 3. g3 d5 4. Nf3 dxc4 5. Bg2 Bb4+ 6. Bd2 a5 7. O-O b5 8. a4
c6 9. axb5 Bxd2 10. Qxd2 cxb5 11. Qg5 b4 12. Ne5 Ra7 13. Qxg7 Rg8 14. Qh6 Qxd4
15. Qxf6 Qxb2 16. Rd1 Re7 17. Nc6 Rd7 18. Qe7+ Rxe7 19. Rd8# 1-0

[Event "7th Edmonton International"]
[Site "Edmonton"]
[Date "2012.07.01"]
[Round "7"]
[White "Gardner, Robert"]
[Black "Porper, Edward"]
[Result "1/2-1/2"]
[ECO "D15"]
[WhiteElo "2202"]
[BlackElo "2414"]
[PlyCount "76"]
[EventDate "2012.06.27"]
[EventType "tourn"]
[EventRounds "9"]
[EventCountry "CAN"]
[EventCategory "6"]
[TimeControl "5400"]

1. d4 d5 2. c4 c6 3. Nf3 Nf6 4. Nc3 a6 5. c5 Bf5 6. Bf4 Nbd7 7. h3 Ne4 8. e3 e6
9. Bd3 b6 10. cxb6 Nxc3 11. bxc3 Nxb6 12. O-O Bxd3 13. Qxd3 Bd6 14. Bxd6 Qxd6
15. e4 O-O 16. e5 Qe7 17. Rab1 Rfb8 18. Rb3 h6 19. Rfb1 Qc7 20. g4 Nd7 21. g5
hxg5 22. Nxg5 Nf8 23. Qe2 a5 24. Qb2 Rxb3 25. Qxb3 Qe7 26. Nf3 Nd7 27. Qa4 Qd8
28. Qa3 Rb8 29. Rxb8 Nxb8 30. Qc5 Qc7 31. Nd2 Nd7 32. Qe7 Qc8 33. Nf3 Nb6 34.
Qa7 Nc4 35. Ng5 Qe8 36. f4 a4 37. Kf2 a3 38. Ke2 Kf8 1/2-1/2

[Event "7th Edmonton International"]
[Site "Edmonton"]
[Date "2012.07.01"]
[Round "7"]
[White "Krush, Irina"]
[Black "Kovalyov, Anton"]
[Result "1/2-1/2"]
[ECO "E38"]
[WhiteElo "2457"]
[BlackElo "2619"]
[Annotator " "]
[PlyCount "142"]
[EventDate "2012.06.27"]
[EventType "tourn"]
[EventRounds "9"]
[EventCountry "CAN"]
[EventCategory "6"]
[TimeControl "5400"]

1. d4 Nf6 2. c4 e6 3. Nc3 Bb4 4. Qc2 c5 5. dxc5 Qc7 6. a3 Bxc5 7. b4 Be7 8. Nb5
Qc6 9. Nf3 d6 10. e4 Nbd7 11. Bf4 O-O 12. Bd3 e5 13. Be3 a6 14. Nc3 Nb6 15. Rc1
Be6 16. Nd5 Bxd5 17. exd5 Qc7 18. O-O g6 19. Ng5 Rac8 20. f3 Qd8 21. Qd2 Nbd7
22. Ne4 b6 23. Rfd1 Re8 24. c5 Nxe4 25. fxe4 bxc5 26. Bxa6 Rb8 27. Bd3 cxb4 28.
axb4 Nf6 29. h3 Rb7 30. Rc6 Qb8 31. b5 Bd8 32. Kh2 Bb6 33. Bg5 Nd7 34. Rf1 Bd8
35. Be3 Bb6 36. Bh6 Bd8 37. Be2 Nc5 38. Qe3 Be7 39. Qf3 Bf8 40. Bd2 Qd8 41. Bb4
Na4 42. Ra1 Nc5 43. Rf1 Na4 44. Bc4 Qd7 45. Ra1 Nb6 46. Bd3 Reb8 47. Qf2 Nc8
48. Rac1 Qd8 49. Qe1 Nb6 50. Ba5 Qf6 51. Bd2 Nd7 52. Be3 Qd8 53. Qf2 Be7 54.
Rf1 Qf8 55. b6 Bd8 56. Ba6 Rxb6 57. Bxb6 Bxb6 58. Qf3 Kg7 59. Rb1 Bc5 60. Rf1
Qe7 61. Rc7 Bb6 62. Qxf7+ Qxf7 63. Rxf7+ Kxf7 64. Rxd7+ Kf6 65. Rxd6+ Kg5 66.
Rd7 h5 67. g3 h4 68. Re7 Bd4 69. Bb7 Bc5 70. Rh7 Rf8 71. Rxh4 Rf2+ 1/2-1/2

[Event "7th Edmonton International"]
[Site "Edmonton"]
[Date "2012.07.01"]
[Round "8"]
[White "Pechenkin, Vladimir"]
[Black "Gardner, Robert"]
[Result "1/2-1/2"]
[ECO "A13"]
[WhiteElo "2312"]
[BlackElo "2202"]
[Annotator " "]
[PlyCount "38"]
[EventDate "2012.06.27"]
[EventType "tourn"]
[EventRounds "9"]
[EventCountry "CAN"]
[EventCategory "6"]
[TimeControl "5400"]

1. c4 e6 2. g3 d5 3. Bg2 c6 4. Nf3 dxc4 5. Na3 Nf6 6. Nxc4 Be7 7. O-O O-O 8. d4
c5 9. b3 Nc6 10. Bb2 Qc7 11. dxc5 Bxc5 12. Bxf6 gxf6 13. Rc1 Rd8 14. Qc2 Bf8
15. Qb2 Qe7 16. Ne1 Bd7 17. Nd3 Bh6 18. e3 Bg7 19. Qe2 Rac8 1/2-1/2

[Event "7th Edmonton International"]
[Site "Edmonton"]
[Date "2012.07.01"]
[Round "8"]
[White "Porper, Edward"]
[Black "Haessel, Dale"]
[Result "1-0"]
[ECO "D27"]
[WhiteElo "2414"]
[BlackElo "2161"]
[Annotator " "]
[PlyCount "65"]
[EventDate "2012.06.27"]
[EventType "tourn"]
[EventRounds "9"]
[EventCountry "CAN"]
[EventCategory "6"]
[TimeControl "5400"]

1. d4 d5 2. c4 c6 3. Nc3 Nf6 4. e3 e6 5. Bd2 dxc4 6. Bxc4 c5 7. Nf3 a6 8. a4
Nc6 9. O-O cxd4 10. exd4 Be7 11. Bg5 O-O 12. Re1 b6 13. Qd3 Bb7 14. Rad1 Qc7
15. Ne5 Rad8 16. Nxc6 Qxc6 17. Qf1 h6 18. Bh4 Qc8 19. Re3 Qa8 20. Ba2 Rfe8 21.
Bg3 Bd6 22. Bh4 Be7 23. Bb1 Nd5 24. Nxd5 Bxd5 25. Bxe7 Rxe7 26. Qd3 f5 27. f3
Rc7 28. Qe2 Qc6 29. Rc3 Qb7 30. Bd3 a5 31. Rdc1 Re7 32. Qe5 Qb8 33. Rc7 1-0